 Dungeon Crawl Stone Soup version 0.28.0-53-g5a82cb258f (webtiles) character file.

Game seed: 15560653322386994778

6473 MiltankisOP the Zephyrmancer (level 11, -8/68 HPs)
             Began as a Tengu Air Elementalist on June 14, 2022.
             Was a Priest of Sif Muna.
             Mangled by Erica
             ... wielding a +0 scimitar of flaming
              (14 damage)
             ... on level 8 of the Dungeon.
             The game lasted 00:52:31 (11562 turns).

MiltankisOP the Zephyrmancer (TeAE)                Turns: 11562, Time: 00:52:35

Health: -8/68      AC:  3    Str:  9    XL:     11   Next: 0%
Magic:  21/24      EV: 22    Int: 23    God:    Sif Muna [***...]
Gold:   464        SH: 16    Dex: 20    Spells: 15/26 levels left

rFire   + + .      SeeInvis .   N - staff of air
rCold   . . .      Faith    .   y - +8 kite shield of Magic {rN++}
rNeg    + + .      Spirit   .   a - +0 robe
rPois   .          Reflect  .   (helmet restricted)
rElec   +          Harm     .   g - +0 cloak
rCorr   .          Rampage  .   (no gloves)
Will    .....                   (boots unavailable)
Stlth   ++........              s - amulet of the acrobat
HPRegen 0.21/turn               h - +4 ring of evasion
MPRegen 0.19/turn               v - ring "Kaatt" {rF++ Int+3 Dex+6}

@: sluggish, flying quickly and evasively, slowed, very slow
A: beak, talons 3, nimble flight
a: Renounce Religion, Channel Magic, Forget Spell


You were on level 8 of the Dungeon.
You worshipped Sif Muna.
Sif Muna was most pleased with you.
You visited 1 branch of the dungeon, and saw 9 of its levels.
You also visited: Ossuary.

You collected 464 gold pieces.

Inventory:

Hand Weapons
 p - a +2 dagger of protection
Missiles
 G - a throwing net
Armour
 a - a +0 robe (worn)
 g - a +0 cloak (worn)
 w - +0 acid dragon scales
 y - the +8 kite shield of Magic (worn) {rN++}
   (You acquired it on level 8 of the Dungeon)

   rN:        It greatly protects you from negative energy.
Magical Staves
 N - a staff of air (weapon)
Jewellery
 h - a +4 ring of evasion (left hand)
 l - a ring of ice
 s - an amulet of the acrobat (around neck)
 v - the ring "Kaatt" (right hand) {rF++ Int+3 Dex+6}
   (You acquired it on level 8 of the Dungeon)

   [ring of dexterity]

   Int:       It affects your intelligence (+3).
   Dex:       It affects your dexterity (+6).
   rF:        It greatly protects you from fire.
 E - a +4 ring of protection
Wands
 i - a wand of flame (20)
 q - a wand of paralysis (2)
 r - a wand of iceblast (9)
 D - a wand of polymorph (16)
 M - a wand of acid (1)
Scrolls
 b - 2 scrolls of blinking {unknown}
 c - a scroll of enchant weapon {unknown}
 d - 3 scrolls of noise {unknown}
 k - a scroll of torment {unknown}
 m - 3 scrolls of magic mapping {unknown}
 x - 4 scrolls of teleportation
 B - 3 scrolls of fog {unknown}
 H - 2 scrolls of amnesia {unknown}
 I - 3 scrolls of immolation {unknown}
 K - a scroll of enchant armour {unknown}
Potions
 e - 3 potions of lignification
 f - 4 potions of haste
 j - 5 potions of curing
 n - 3 potions of magic
 o - a potion of invisibility
 t - a potion of attraction
 u - 3 potions of ambrosia
 z - 2 potions of mutation
 A - 2 potions of heal wounds
 C - a potion of degeneration
 F - a potion of might {unknown}
 J - a potion of brilliance
 L - a potion of berserk rage


   Skills:
 - Level 8.0 Fighting
 - Level 8.0 Dodging
 - Level 2.0 Stealth
 - Level 8.0 Spellcasting
 - Level 8.2 Conjurations
 - Level 3.0 Fire Magic
 + Level 8.8 Air Magic


You had 15 spell levels left.
You knew the following spells:

 Your Spells              Type           Power      Damage    Failure   Level
a - Shock                 Conj/Air       100%       1d9       1%          1
b - Static Discharge      Conj/Air       64%        N/A       1%          2
c - Swiftness             Air            66%        N/A       1%          3
d - Airstrike             Air            33%        N/A       7%          4
e - Foxfire               Conj/Fire      100%       2x1d9     2%          1

Your spell library contained the following spells:

 Spells                   Type           Power      Damage    Failure   Level
 Call Canine Familiar     Summ           9%         N/A       58%         3
 Portal Projectile        Hex/Tloc       18%        N/A       58%         3
 Leda's Liquefaction      Hex/Erth       4%         N/A       94%         4
 Summon Ice Beast         Ice/Summ       9%         N/A       94%         4
 Summon Mana Viper        Hex/Summ       9%         N/A       100%        5
 Monstrous Menagerie      Summ           4%         N/A       100%        7


Dungeon Overview and Level Annotations

Branches:
Dungeon (9/15)             Temple (0/1) D:5         Ossuary (visited)
   Lair: D:8-11         Orc: D:9-12

Altars:
Sif Muna

Shops:
D:9 *

Annotations:
D:8 Erica
D:9 Gastronok


Innate Abilities, Weirdness & Mutations

You have a beak for a mouth.
You have claws for feet.
Your magical nature lets you fly swiftly and evasively.


Message History

Aiming: Shock (safe; 1% risk of failure)
Press: ? - help, Shift-Dir - straight line, p - Erica You feel a surge of power!
The zap hits Erica!
Erica is heavily wounded.
The zap hits Erica.
Erica is heavily wounded.
Casting: Shock (safe; 1% risk of failure)
Confirm with . or Enter, or press ? or * to list all spells.
Aiming: Shock (safe; 1% risk of failure)
Press: ? - help, Shift-Dir - straight line You feel a surge of power!
The zap misses Erica.
The zap hits Erica.
Erica is severely wounded.
You block Erica's attack.
Gastronok gurgles.
Gastronok's eyestalks quiver as he mumbles some strange words.
You block Erica's attack. Erica misses you.
Gastronok mumbles some strange words.
Erica completely misses you. You block the bat's attack.
Erica barely misses you. The bat hits you. You block the bat's attack.
Erica gestures wildly while chanting.
Erica flickers and vanishes!
The rat completely misses you.
There is a stone staircase leading up here.
The bat closely misses you. Something hits you! Something burns you.
You block the rat's attack. Something hits you!
* * * LOW HITPOINT WARNING * * *
Something burns you.
* * * LOW HITPOINT WARNING * * *
You block the rat's attack.
You fly upwards.
Reactivating autopickup.
There is a stone staircase leading down here.
Deactivating autopickup; reactivate with Ctrl-A.
You barely miss something. Your peck misses something. Something hits you!
* * * LOW HITPOINT WARNING * * *
Something burns you.
* * * LOW HITPOINT WARNING * * *
Something hits you!
You die...

....##...............#
....###.##.###########
.#### #........#
##########...#.#
.........#.#.#.#
########.###.#.#
.......#.# #.#.#
######.#.###.#.########
........(.......@.....#
.......#######.######.#
....##########.# #†#
....'..........# #.#
....############ #.#
....# #....# #.#
....#######.##.######.#
######.......#........#
#.################


There were no monsters in sight!

Vanquished Creatures
  A two-headed ogre (D:9)
  A deep elf pyromancer (D:9)
  Joseph (D:9)
  Maggie (D:6)
  A shadow (D:9)
  2 wyverns
  Grum (D:8)
  Menkaure (D:6)
  6 water moccasins
  An acid dragon (D:5)
  Duvessa (D:7)
  2 sky beasts
  An orc warrior (D:9)
  An ice beast (D:6)
  2 necrophages
  A black bear (D:6)
  3 ogres (D:4)
  3 wolves
  2 phantoms
  3 bullfrogs (D:8)
  A gnoll sergeant (D:9)
  11 scorpions
  Dowan (D:7)
  A wyvern skeleton (D:6)
  2 centaur zombies
  2 bullfrog zombies (D:5)
  A centaur skeleton (D:7)
  2 human zombies (Ossuary)
  An orc priest (D:4)
  A gnoll shaman (D:7)
  5 hounds
  2 jellies
  4 scorpion zombies (Ossuary)
  2 iguanas
  5 orc wizards
  3 mummies (Ossuary)
  A howler monkey zombie (D:8)
  Robin (D:3)
  8 gnolls
  2 howler monkey skeletons
  4 adders
  A shadow imp (D:5)
  2 white imps
  2 ufetubi (D:5)
  2 dart slugs (D:1)
  15 orcs
  9 endoplasms
  2 giant cockroaches
  2 gnoll zombies (Ossuary)
  11 goblins
  6 hobgoblins
  3 jackals (D:5)
  2 quokkas
  8 ball pythons
  5 bats
  3 frilled lizards
  A goblin zombie (Ossuary)
  2 hobgoblin zombies (Ossuary)
  6 kobolds
  4 kobold zombies (Ossuary)
  An orc zombie (Ossuary)
  A quokka skeleton (D:3)
  9 rats
192 creatures vanquished.

Vanquished Creatures (others)
  A centaur zombie (D:6)
  An orc wizard (D:3)
  48 foxfires
  47 fungi (D:9)
  39 plants (D:9)
136 creatures vanquished.

Grand Total: 328 creatures vanquished

Notes
Turn   | Place    | Note
-------+----------+-------------------------------------------
     0 | D:1      | MiltankisOP the Tengu Air Elementalist began the quest for
                  | the Orb.
     0 | D:1      | Reached XP level 1. HP: 10/10 MP: 4/4
   322 | D:1      | Reached XP level 2. HP: 15/15 MP: 3/6
  1033 | D:1      | Reached XP level 3. HP: 19/19 MP: 2/7
  1553 | D:2      | Reached skill level 5 in Air Magic
  1672 | D:2      | Found a faded altar of an unknown god.
  2414 | D:3      | Found a shimmering blue altar of Sif Muna.
  2680 | D:3      | Reached XP level 4. HP: 24/24 MP: 3/8
  2683 | D:3      | Learned a level 2 spell: Static Discharge
  2687 | D:3      | Learned a level 3 spell: Swiftness
  2741 | D:3      | Became a worshipper of Sif Muna the Loreminder
  3211 | D:3      | Noticed Robin
  3232 | D:3      | Killed Robin
  3380 | D:4      | Gained mutation: Your magical nature lets you fly swiftly
                  | and evasively. [Tengu growth]
  3380 | D:4      | Reached XP level 5. HP: 20/28 MP: 0/9
  3500 | D:3      | Got Sif Muna's Grimoire of Ignition
  3749 | D:4      | Noticed an ogre
  3763 | D:4      | Noticed an ogre
  3783 | D:4      | Killed an ogre
  3784 | D:4      | Reached XP level 6. HP: 32/32 MP: 2/11
  4108 | D:4      | Reached XP level 7. HP: 36/36 MP: 7/14
  4338 | D:4      | Reached * piety under Sif Muna
  4339 | D:4      | Reached skill level 5 in Spellcasting
  4344 | D:4      | Learned a level 4 spell: Airstrike
  4647 | D:5      | Entered Level 5 of the Dungeon
  4779 | D:5      | Found a staircase to the Ecumenical Temple.
  4960 | D:5      | Reached XP level 8. HP: 41/41 MP: 11/18
  6081 | D:6      | Learned a level 1 spell: Foxfire
  6201 | D:6      | Noticed Maggie
  6474 | D:6      | Reached ** piety under Sif Muna
  6475 | D:6      | Noticed Menkaure
  6483 | D:6      | Killed Menkaure
  6484 | D:6      | Reached skill level 5 in Conjurations
  6774 | D:6      | Killed Maggie
  6775 | D:6      | Reached XP level 9. HP: 30/45 MP: 2/21
  7386 | D:7      | Found a sand-covered staircase.
  7411 | D:7      | Reached skill level 1 in Fighting
  7777 | Ossuary  | Entered an ossuary
  8230 | Ossuary  | Reached *** piety under Sif Muna
  8355 | Ossuary  | Reached skill level 5 in Dodging
  8521 | Ossuary  | Reached XP level 10. HP: 58/58 MP: 17/23
  8866 | D:7      | Noticed Duvessa
  8866 | D:7      | Noticed Dowan
  8875 | D:7      | Killed Dowan
  8876 | D:7      | Killed Duvessa
  9166 | D:8      | Noticed Grum
  9172 | D:8      | Killed Grum
  9173 | D:8      | Reached skill level 5 in Fighting
  9670 | D:8      | Identified 3 scrolls of acquirement
  9671 | D:8      | Acquired the ring "Kaatt" {rF++ Int+3 Dex+6}
  9673 | D:8      | Acquired a staff of air
  9676 | D:8      | Acquired the +8 kite shield of Magic {rN++}
 10295 | D:9      | Noticed Gastronok
 10450 | D:9      | Noticed a two-headed ogre
 10455 | D:9      | Killed a two-headed ogre
 10652 | D:9      | Found Oliul's Serpentskin Sales.
 10749 | D:9      | Noticed a deep elf pyromancer
 10753 | D:9      | Killed a deep elf pyromancer
 11126 | D:9      | Noticed Erica
 11248 | D:9      | Noticed Joseph
 11258 | D:9      | Killed Joseph
 11467 | D:9      | Reached XP level 11. HP: 68/68 MP: 6/24
 11562 | D:8      | Mangled by Erica

Illustrated notes

Levels and vault maps discovered:
D:1:      sevenhm_arrival_forest_fort_large_4, layout_basic
D:2:      minmay_general_purpose_star, layout_rooms,
          shapermc_ecumenical_altar_acropolis
D:3:      layout_basic, led_sif_book, minivault_14, uniq_robin
D:4:      kennysheep_big_flooded_room, layout_cave_pools, st_stairs_4
D:5:      layout_cave_pods, minmay_temple_entry_drinking_statues,
          portal_sewer_entry_d, st_stairs_8
D:6:      layout_rooms, lemuel_flamethrower_2, uniq_maggie, uniq_menkaure
D:7:      layout_loops_ring, nicolae_ossuary_entry_false_entrances,
          nicolae_underground_beach, uniq_duvessa
D:8:      layout_basic, uniq_grum
D:9:      layout_roguey, due_lair_maze_entry_diamond, guppyfry_shop_venom,
          uniq_joseph, uniq_erica, uniq_gastronok

Skill      XL: |  1  2  3  4  5  6  7  8  9 10 |
---------------+-------------------------------+-----
Conjurations   | 2 3 8 |  8.2
Air Magic      | 6 7 8 |  8.8
Spellcasting   | 4 6 7 8 |  8.0
Fire Magic     | 3 |  3.0
Fighting       | 4 8 |  8.0
Dodging        | 5 8 |  8.0
Stealth        | |  2.0

Action                   |  1- 3 |  4- 6 |  7- 9 | 10-12 || total
-------------------------+-------+-------+-------+-------++-------
Melee: Unarmed           |     2 |       |       |       ||     2
       Kick              |     1 |     4 |     1 |       ||     6
       Dagger            |       |     8 |     3 |       ||    11
       Peck              |       |     1 |     1 |       ||     2
       Staff             |       |       |       |     1 ||     1
 Cast: Shock             |    87 |    65 |   207 |   106 ||   465
       Static Discharge  |       |     1 |    13 |     8 ||    22
       Airstrike         |       |       |     7 |    25 ||    32
       Foxfire           |       |       |    28 |     2 ||    30
       Swiftness         |       |       |       |     2 ||     2
Evoke: Wand              |       |       |     1 |     4 ||     5
  Use: Scroll            |     4 |       |       |    14 ||    18
       Potion            |       |       |       |     1 ||     1
Armor: Robe              |     3 |       |     7 |     3 ||    13
Dodge: Dodged            |     6 |    14 |    81 |    69 ||   170
Block: Kite shield       |       |       |       |    30 ||    30
